AoeStats
← berenjena06

MegaRandom

510246050Analyzed
3v3 RM · 1d ago on Sep 30, 2026· 20m 33s· 6 players
Game mode
Random Map
Map size
Normal (6 player)
Population
200
Speed
Normal
Resources
Standard
Victory
Conquest
Starting age
Dark Age
Ending age
Imperial Age
RankedLock teamsTeams togetherTeam positionsShared explorationLock speedFull tech treeHidden civsTurbo modeCheats
Victory
Defeat
🇦🇷 Magyars · Argentina
1173
+17
🇦🇷 Maya · Argentina
1167
+17
🇦🇷 Hindustanis · Argentina
1153
+18
🇺🇸 Magyars · United States
1211
-17
🇺🇸 Romans · United States
1211
-18
🇺🇸 Danes · United States
1176
-17
berenjena06
0:28 Loom
9:19 Feudal Age
10:40 Double-Bit Axe
17:14 Town Watch
17:57 Fletching
20:20 Castle Age
20:42 Gold Mining
LaBestiaPOP8861
0:34 Loom
10:34 Feudal Age
11:33 Double-Bit Axe
16:10 Horse Collar
Sadicomane
5:04 Loom
9:32 Feudal Age
10:43 Double-Bit Axe
10:49 Horse Collar
18:00 Bloodlines
20:43 Scale Barding Armor
lane darsh
11:10 Feudal Age
9:42 Loom
12:44 Double-Bit Axe
12:42 Horse Collar
15:11 Bloodlines
17:05 Scale Barding Armor
17:43 Wheelbarrow
Jalholla
0:33 Loom
10:10 Feudal Age
14:35 Double-Bit Axe
17:41 Scale Barding Armor
17:41 Horse Collar
Shane
6:51 Loom
7:20 Loom
10:17 Feudal Age
10:19 Man-at-Arms
12:30 Gold Mining
12:27 Double-Bit Axe
Connection lost

Rejoining the realm…

Still unreachable

The connection could not be restored.

Session expired

The server has moved on; the page needs a fresh start.